 Dungeon Crawl Stone Soup version 0.29.0-7-g18a832c13a (webtiles) character file.

Game seed: 10404774600548851293

4 voltaire321 the Insei (level 1, 0/15 HPs)
             Began as a Merfolk Transmuter on Aug 31, 2022.
             Slain by a giant cockroach (1 damage)
             ... on level 1 of the Dungeon.
             The game lasted 00:00:59 (192 turns).

voltaire321 the Insei (Merfolk Transmuter)           Turns: 192, Time: 00:01:00

Health: 0/15       AC:  2    Str: 10    XL:     1   Next: 60%
Magic:  2/3        EV: 12    Int: 12    God:
Gold:   10         SH:  0    Dex: 14    Spells: 3/4 levels left

rFire   . . .      SeeInvis .     - Unarmed
rCold   . . .      Faith    .   (no shield)
rNeg    . . .      Spirit   .   a - +0 robe
rPois   .          Reflect  .   (helmet currently unavailable)
rElec   .          Harm     .   (no cloak)
rCorr   .          Rampage  .   (no gloves)
Will    .....                   (boots currently unavailable)
Stlth   +.........              (no amulet)
HPRegen 0.05/turn               (no ring)
MPRegen 0.08/turn               (no ring)

@: appendages (expiring)
A: horns 2, (nimble swimmer 2), mertail
a: End Transformation


You were on level 1 of the Dungeon.
You had temporarily grown beastly horns.
You visited 1 branch of the dungeon, and saw 1 of its levels.

You collected 10 gold pieces.

Inventory:

Armour
 a - a +0 robe (worn)
 c - a +0 pair of boots
Scrolls
 d - a scroll of identify {unknown}
Potions
 b - 2 potions of lignification


   Skills:
 + Level 1.2 Fighting
 + Level 2.8 Dodging
 + Level 3.3 Unarmed Combat
 + Level 2.0 Spellcasting
 + Level 2.8 Transmutations


You had 3 spell levels left.
You knew the following spells:

 Your Spells              Type           Power      Damage    Failure   Level
a - Beastly Appendage     Tmut           16%        N/A       9%          1

Your spell library contained the following spells:

 Spells                   Type           Power      Damage    Failure   Level
 Wereblood                Tmut           8%         N/A       13%         2
 Spider Form              Tmut/Pois      4%         N/A       41%         3
 Ice Form                 Ice/Tmut       4%         N/A       83%         4


Dungeon Overview and Level Annotations

Branches:
Dungeon (1/15)

Altars:


Innate Abilities, Weirdness & Mutations

You have temporarily grown beastly horns.
((You are very nimble when in or above water. (Stealth+, EV+, Speed+++)))
Your lower body shifts to a powerful aquatic tail in water.


Message History

Found 10 gold pieces.
The jackal barks!
A jackal comes into view.
A frilled lizard comes into view.
A quokka comes into view.
The jackal barks!
The frilled lizard hisses angrily.
The jackal bites you. The jackal attacks as you move away!
The jackal closely misses you.
You hit the jackal.
The jackal is lightly wounded.
The jackal bites you.
A giant cockroach comes into view.
You barely miss the jackal.
Your horns disappear.
The quokka barely misses you. The jackal bites you.
You closely miss the jackal. The quokka misses you.
The jackal barely misses you.
Casting: Beastly Appendage (safe; 9% risk of failure)
Confirm with . or Enter, or press ? or * to list all spells.
You grow a pair of large bovine horns.
Your transformation is almost over.
The quokka bites you.
The jackal bites you but does no damage.
You completely miss the jackal. The quokka completely misses you.
You hit the frilled lizard.
The frilled lizard is heavily wounded.
The jackal barely misses you. The quokka bites you.
The frilled lizard barely misses you. The jackal closely misses you.
You closely miss the frilled lizard. You headbutt the frilled lizard.
You kill the frilled lizard!
The quokka bites you. The jackal barely misses you.
The jackal closely misses you. The quokka closely misses you.
You hit the jackal but do no damage. Your headbutt misses the jackal.
The jackal closely misses you. x2; The quokka bites you.
* * * LOW HITPOINT WARNING * * *
You hit the quokka.
The quokka is lightly wounded.
The jackal closely misses you.
The jackal bites you but does no damage.
The giant cockroach bites you.
You die...

........).###
.........!..# ..........#
..........# ..........#.#
..........#.#.#
..........#.#.# ..
........rh#.#.# .......###
........h@#.#.###.........
.#####..B.#.#.............
#.[..#......#........
#....#.[.............
#....##.....#........
#....##.....#........
#....##.....#.)......
#................####
#................#


You could see a quokka, 2 jackals and a giant cockroach.

Vanquished Creatures
  A goblin (D:1)
  2 bats (D:1)
  A frilled lizard (D:1)
  A rat (D:1)
5 creatures vanquished.

Notes
Turn   | Place    | Note
-------+----------+-------------------------------------------
     0 | D:1      | voltaire321 the Merfolk Transmuter began the quest for the
                  | Orb.
     0 | D:1      | Reached XP level 1. HP: 15/15 MP: 3/3
   192 | D:1      | Slain by a giant cockroach

Illustrated notes

Levels and vault maps discovered:
D:1:      saegor_arrival_simple_a, layout_basic, roderic_roman_lattice,
          minmay_misc_feat_enclosed

Action                   || total
-------------------------++-------
Melee: Unarmed           ||    25
       Headbutt          ||     1
       Punch             ||     1
 Cast: Beastly Appendage ||     5
Armor: Robe              ||    12
Dodge: Dodged            ||    35
